AoeStats
← Raziel

African Clearing

510633314Analyzed
2v2 RM · 13h ago on Oct 1, 2026· 52m 45s· 4 players
Game mode
Random Map
Map size
Medium (4 player)
Population
200
Speed
Normal
Resources
Standard
Victory
Conquest
Starting age
Dark Age
Ending age
Imperial Age
RankedLock teamsTeams togetherTeam positionsShared explorationLock speedFull tech treeHidden civsTurbo modeCheats
Victory
Defeat
🇦🇷 Khitans · Argentina
1427
+12
🇦🇷 Aztecs · Argentina
1258
+19
🇹🇷 Saracens · Türkiye
1346
-16
🇹🇷 Huns · Türkiye
1328
-15
Khaledus Secundus
10:33 Loom
13:05 Feudal Age
13:45 Double-Bit Axe
15:39 Scale Barding Armor
16:31 Horse Collar
22:14 Forging
22:19 Bloodlines
22:59 Man-at-Arms
23:42 Scale Mail Armor
28:55 Castle Age
31:46 Husbandry
32:44 Light Cavalry
35:10 Chain Barding Armor
39:28 Pikeman
40:09 Squires
42:17 Chain Mail Armor
44:48 Wheelbarrow
44:22 Town Watch
48:55 Imperial Age
47:11 Marauders
47:46 Hand Cart
48:09 Iron Casting
50:09 Conscription
51:08 Cavalier
murat
6:46 Loom
12:44 Feudal Age
14:43 Double-Bit Axe
17:09 Padded Archer Armor
16:59 Fletching
17:13 Padded Archer Armor
18:49 Horse Collar
23:00 Castle Age
23:52 Bow Saw
23:45 Bodkin Arrow
24:34 Leather Archer Armor
23:54 Crossbowman
25:20 Heavy Plow
26:36 Thumb Ring
29:43 Leather Archer Armor
31:21 Stone Mining
36:45 Ballistics
36:36 Masonry
37:19 Bloodlines
40:19 Scale Barding Armor
40:25 Forging
44:47 Imperial Age
42:59 Wheelbarrow
44:54 Chain Barding Armor
45:40 Iron Casting
47:43 Plate Barding Armor
48:25 Two-Man Saw
48:22 Hand Cart
47:53 Town Watch
49:38 Blast Furnace
48:06 Heavy Camel Rider
Raziel
8:49 Loom
9:40 Loom
12:28 Feudal Age
14:22 Double-Bit Axe
14:54 Scale Mail Armor
23:36 Castle Age
22:16 Forging
23:00 Arson
23:42 Eagle Warrior
27:10 Chain Mail Armor
27:14 Squires
32:21 Sanctity
33:25 Fervor
34:46 Redemption
35:34 Wheelbarrow
36:33 Horse Collar
37:46 Bow Saw
38:03 Stone Mining
38:45 Gold Mining
39:53 Atonement
39:54 Devotion
42:34 Hand Cart
44:21 Town Watch
45:24 Iron Casting
48:18 Imperial Age
47:42 Fletching
50:11 Plate Mail Armor
49:26 Elite Eagle Warrior
51:08 Blast Furnace
50:17 Bodkin Arrow
49:58 Pikeman
51:38 Conscription
52:01 Garland Wars
Nachom
4:35 Loom
14:20 Feudal Age
15:14 Double-Bit Axe
18:11 Castle Age
18:23 Fletching
24:00 Elite Skirmisher
25:35 Town Watch
27:25 Bodkin Arrow
28:39 Ballistics
29:18 Padded Archer Armor
29:45 Husbandry
30:33 Domestication
31:38 Leather Archer Armor
33:36 Bow Saw
35:56 Scale Barding Armor
36:36 Pastoralism
37:08 Forging
38:19 Wheelbarrow
38:58 Chain Barding Armor
40:30 Iron Casting
45:07 Imperial Age
44:43 Lamellar Armor
45:10 Elite Steppe Lancer
45:23 Capped Ram
46:27 Conscription
47:15 Plate Barding Armor
47:48 Two-Man Saw
46:32 Siege Ram
47:47 Siege Engineers
50:09 Bracer
51:23 Chemistry
50:33 Masonry
50:38 Heavy Camel Rider
52:48 Transhumance
Connection lost

Rejoining the realm…

Still unreachable

The connection could not be restored.

Session expired

The server has moved on; the page needs a fresh start.